| TOP OF THE 1ST |
|
Toronto Blue Jays batting - Pitching for Detroit Tigers : RHP Dennis Martinez
|
|
Pitching: RHP Dennis Martinez
|
|
|
Batting: SHB Harold Reynolds
|
0-0: Ball 1-0: Called Strike 1-1: Foul Ball, location: 2F 1-2: Foul Ball, location: 2F 1-2: SINGLE (Groundball, 34S, EV 67.5 MPH) (infield hit)
|
|
Batting: LHB Sheldon Mallory
|
0-0: Ball 1-0: Foul Ball, location: 2F 1-1: Called Strike Harold Reynolds is caught stealing 2nd base 2-6 1-2: Foul Ball, location: 2F 1-2: Foul Ball, location: 2F 1-2: Foul Ball, location: 2F 1-2: Ground out 4-3 (Groundball, 4, EV 106.3 MPH)
|
|
Batting: LHB Chad Daley
|
0-0: Fly out, F8 (Flyball, 8RD, EV 99.4 MPH)
|
| Top of the 1st over - 0 runs, 1 hit, 0 errors, 0 left on base; Toronto 0 - Detroit 0 |
| BOTTOM OF THE 1ST |
|
Detroit Tigers batting - Pitching for Toronto Blue Jays : RHP Storm Davis
|
|
Pitching: RHP Storm Davis
|
|
|
Batting: SHB Lee Mazzilli
|
0-0: Ball 1-0: Foul Ball, location: 2F 1-1: Swinging Strike 1-2: Foul Ball, location: 2F 1-2: Ball 2-2: Ball 3-2: Strikes out swinging
|
|
Batting: RHB Jose Hidalgo
|
0-0: Ball 1-0: Ball 2-0: SINGLE (Groundball, 34S, EV 85.6 MPH) (infield hit)
|
|
Batting: RHB Dave Kingman
|
0-0: Called Strike 0-1: Foul Ball, location: 2F 0-2: Ball 1-2: Foul Ball, location: 2F 1-2: Ball Jose Hidalgo is caught stealing 2nd base 2-4 2-2: Ground out 6-3 (Groundball, 6, EV 101.3 MPH)
|
| Bottom of the 1st over - 0 runs, 1 hit, 0 errors, 0 left on base; Toronto 0 - Detroit 0 |
| TOP OF THE 2ND |
|
Toronto Blue Jays batting - Pitching for Detroit Tigers : RHP Dennis Martinez
|
|
Batting: LHB Eddie Milner
|
0-0: Foul Ball, location: 2F 0-1: Swinging Strike 0-2: Foul Ball, location: 2F 0-2: Foul Ball, location: 2F 0-2: Ball 1-2: Foul Ball, location: 2F 1-2: SOLO HOME RUN (Flyball, 89XD, EV 107.5 MPH), Distance : 414 ft
|
|
Batting: RHB Jose Gonzalez
|
0-0: Called Strike 0-1: Foul Ball, location: 2F 0-2: DOUBLE (Groundball, 5L, EV 105.0 MPH)
|
|
Batting: RHB Cal Ripken
|
0-0: Called Strike Jose Gonzalez steals 3rd base 0-1: Ball 1-1: Foul Ball, location: 2F 1-2: Ball 2-2: Fly out, F6 (Popup, P, EV 78.8 MPH)
|
|
Batting: RHB Amos Otis
|
0-0: Swinging Strike 0-1: Fly out, F7 (Flyball, 7D, EV 100.6 MPH) Runner from 3rd tags up, SCORES, no throw by LF
|
|
Batting: LHB Brad Gulden
|
0-0: Swinging Strike 0-1: Foul Ball, location: 2F 0-2: Strikes out swinging
|
| Top of the 2nd over - 2 runs, 2 hits, 0 errors, 0 left on base; Toronto 2 - Detroit 0 |
| BOTTOM OF THE 2ND |
|
Detroit Tigers batting - Pitching for Toronto Blue Jays : RHP Storm Davis
|
|
Batting: RHB Andre Thornton
|
0-0: Ball 1-0: Ground out 4-3 (Groundball, 4, EV 91.3 MPH)
|
|
Batting: RHB Larry Parrish
|
0-0: Ball 1-0: Fly out, F2 (Popup, 23F, EV 91.3 MPH)
|
|
Batting: RHB Rusty Kuntz
|
0-0: Called Strike 0-1: DOUBLE (Groundball, 5L, EV 105.6 MPH)
|
|
Batting: LHB Dan Graham
|
0-0: Foul Ball, location: 2F 0-1: Called Strike 0-2: Fly out, F3 (Popup, 3F, EV 71.9 MPH)
|
| Bottom of the 2nd over - 0 runs, 1 hit, 0 errors, 1 left on base; Toronto 2 - Detroit 0 |
| TOP OF THE 3RD |
|
Toronto Blue Jays batting - Pitching for Detroit Tigers : RHP Dennis Martinez
|
|
Batting: RHB Jose Carrillo
|
0-0: Called Strike 0-1: Ball 1-1: Ball 2-1: Ground out 6-3 (Groundball, 4MD, EV 88.8 MPH)
|
|
Batting: SHB Harold Reynolds
|
0-0: Called Strike 0-1: Ball 1-1: Foul Ball, location: 2F 1-2: Ball 2-2: Ground out 6-3 (Groundball, 6, EV 85.6 MPH)
|
|
Batting: LHB Sheldon Mallory
|
0-0: Ground out 1-3 (Groundball, 13, EV 63.8 MPH)
|
| Top of the 3rd over - 0 runs, 0 hits, 0 errors, 0 left on base; Toronto 2 - Detroit 0 |
| BOTTOM OF THE 3RD |
|
Detroit Tigers batting - Pitching for Toronto Blue Jays : RHP Storm Davis
|
|
Batting: RHB Jarrett Sterner
|
0-0: Called Strike 0-1: Ground out 6-3 (Groundball, 6, EV 108.1 MPH)
|
|
Batting: RHB Mike Sproles
|
0-0: Called Strike 0-1: Ball 1-1: Ball 2-1: Ground out 6-3 (Groundball, 6, EV 86.3 MPH)
|
|
Batting: SHB Lee Mazzilli
|
0-0: Ball 1-0: Foul Ball, location: 2F 1-1: SINGLE (Line Drive, 9LS, EV 91.3 MPH)
|
|
Batting: RHB Jose Hidalgo
|
0-0: Called Strike 0-1: Ball 1-1: Hit by Pitch Lee Mazzilli to second
|
|
Batting: RHB Dave Kingman
|
0-0: Called Strike 0-1: Ball 1-1: Ball 2-1: Ball 3-1: Base on Balls Lee Mazzilli to third Jose Hidalgo to second
|
|
Batting: RHB Andre Thornton
|
0-0: Ball 1-0: Ball 2-0: Called Strike 2-1: Called Strike 2-2: Ball Wild Pitch! Lee Mazzilli scores Jose Hidalgo to third Dave Kingman to second 3-2: Foul Ball, location: 2F 3-2: SINGLE (Line Drive, 9S, EV 95.6 MPH) Jose Hidalgo scores Dave Kingman to third Dave Kingman scores
|
|
Batting: RHB Larry Parrish
|
0-0: Fly out, F8 (Line Drive, 8LM, EV 106.9 MPH)
|
| Bottom of the 3rd over - 3 runs, 2 hits, 0 errors, 1 left on base; Toronto 2 - Detroit 3 |
| TOP OF THE 4TH |
|
Toronto Blue Jays batting - Pitching for Detroit Tigers : RHP Dennis Martinez
|
|
Batting: LHB Chad Daley
|
0-0: Called Strike 0-1: Ball 1-1: Ground out 4-3 (Groundball, 4, EV 100.0 MPH)
|
|
Batting: LHB Eddie Milner
|
0-0: Fly out, F7 (Flyball, 78S, EV 93.1 MPH)
|
|
Batting: RHB Jose Gonzalez
|
0-0: Ball 1-0: Ball 2-0: Called Strike 2-1: Ball 3-1: Fly out, F8 (Line Drive, 8RD, EV 91.9 MPH)
|
| Top of the 4th over - 0 runs, 0 hits, 0 errors, 0 left on base; Toronto 2 - Detroit 3 |
| BOTTOM OF THE 4TH |
|
Detroit Tigers batting - Pitching for Toronto Blue Jays : RHP Storm Davis
|
|
Batting: RHB Rusty Kuntz
|
0-0: Ball 1-0: Ball 2-0: Called Strike 2-1: SINGLE (Flyball, 6D, EV 96.3 MPH)
|
|
Batting: LHB Dan Graham
|
0-0: Ball 1-0: Ball 2-0: Ball 3-0: Swinging Strike 3-1: Bunted foul 3-2: 2-RUN HOME RUN (Flyball, 9D, EV 105.6 MPH), Distance : 387 ft
|
|
Batting: RHB Jarrett Sterner
|
0-0: Ball 1-0: Called Strike 1-1: Foul Ball, location: 2F 1-2: Foul Ball, location: 2F 1-2: Ground out 4-3 (Groundball, 4, EV 85.6 MPH)
|
|
Batting: RHB Mike Sproles
|
0-0: Foul Ball, location: 2F 0-1: Ball 1-1: Ball 2-1: Called Strike 2-2: Foul Ball, location: 2F 2-2: Ball 3-2: Strikes out swinging
|
|
Batting: SHB Lee Mazzilli
|
0-0: Fly out, F7 (Flyball, 7S, EV 84.4 MPH)
|
| Bottom of the 4th over - 2 runs, 2 hits, 0 errors, 0 left on base; Toronto 2 - Detroit 5 |
| TOP OF THE 5TH |
|
Toronto Blue Jays batting - Pitching for Detroit Tigers : RHP Dennis Martinez
|
|
Batting: RHB Cal Ripken
|
0-0: SINGLE (Groundball, 56D, EV 108.8 MPH)
|
|
Batting: RHB Amos Otis
|
0-0: Ball 1-0: Fly out, F7 (Flyball, 7LD, EV 92.5 MPH)
|
|
Batting: LHB Brad Gulden
|
0-0: Foul Ball, location: 2F 0-1: Ball 1-1: Ball 2-1: Foul Ball, location: 2F 2-2: Grounds into double play, 4-6-3 (Groundball, 34, EV 87.5 MPH)
|
| Top of the 5th over - 0 runs, 1 hit, 0 errors, 0 left on base; Toronto 2 - Detroit 5 |
| BOTTOM OF THE 5TH |
|
Detroit Tigers batting - Pitching for Toronto Blue Jays : RHP Storm Davis
|
|
Batting: RHB Jose Hidalgo
|
0-0: Ball 1-0: Ball 2-0: Ball 3-0: Called Strike 3-1: Ground out 6-3 (Groundball, 56, EV 105.6 MPH)
|
|
Batting: RHB Dave Kingman
|
0-0: Ground out 6-3 (Groundball, 6, EV 91.3 MPH)
|
|
Batting: RHB Andre Thornton
|
0-0: Ball 1-0: SINGLE (Groundball, 13, EV 91.9 MPH) (infield hit)
|
|
Batting: RHB Larry Parrish
|
0-0: Ball 1-0: Ground out 4-3 (Groundball, 34, EV 80.6 MPH)
|
| Bottom of the 5th over - 0 runs, 1 hit, 0 errors, 1 left on base; Toronto 2 - Detroit 5 |
| TOP OF THE 6TH |
|
Toronto Blue Jays batting - Pitching for Detroit Tigers : RHP Dennis Martinez
|
|
Batting: RHB Jose Carrillo
|
0-0: Foul Ball, location: 2F 0-1: Ball 1-1: Foul Ball, location: 2F 1-2: Foul Ball, location: 2F 1-2: Strikes out swinging
|
|
Batting: SHB Harold Reynolds
|
0-0: Ball 1-0: Foul Ball, location: 2F 1-1: Ground out U3 (Groundball, 34, EV 95.0 MPH)
|
|
Batting: LHB Sheldon Mallory
|
0-0: Fly out, F6 (Line Drive, 6, EV 72.5 MPH)
|
| Top of the 6th over - 0 runs, 0 hits, 0 errors, 0 left on base; Toronto 2 - Detroit 5 |
| BOTTOM OF THE 6TH |
|
Detroit Tigers batting - Pitching for Toronto Blue Jays : RHP Storm Davis
|
|
Batting: RHB Rusty Kuntz
|
0-0: Ball 1-0: Ball 2-0: Foul Ball, location: 2F 2-1: Called Strike 2-2: Ball 3-2: Foul Ball, location: 2F 3-2: Base on Balls
|
|
Batting: LHB Dan Graham
|
0-0: Fly out, F8 (Flyball, 8RD, EV 89.4 MPH)
|
|
Batting: RHB Jarrett Sterner
|
0-0: Ball Rusty Kuntz is caught stealing 2nd base 2-4 1-0: Ball 2-0: Called Strike 2-1: Called Strike 2-2: Foul Ball, location: 2F 2-2: Ball 3-2: Strikes out swinging
|
| Bottom of the 6th over - 0 runs, 0 hits, 0 errors, 0 left on base; Toronto 2 - Detroit 5 |
| TOP OF THE 7TH |
|
Toronto Blue Jays batting - Pitching for Detroit Tigers : RHP Dennis Martinez
|
|
Batting: LHB Chad Daley
|
0-0: Swinging Strike 0-1: Swinging Strike 0-2: Fly out, F8 (Line Drive, 8LD, EV 92.5 MPH)
|
|
Batting: LHB Eddie Milner
|
0-0: Ball 1-0: Ball 2-0: Foul Ball, location: 2F 2-1: Ball 3-1: Base on Balls
|
|
Batting: RHB Jose Gonzalez
|
0-0: Foul Ball, location: 2F 0-1: Foul Ball, location: 2F 0-2: Ground out 6-3 (Groundball, 6, EV 98.1 MPH) Eddie Milner to second
|
|
Batting: RHB Cal Ripken
|
0-0: Called Strike 0-1: Ball 1-1: SINGLE (Line Drive, 4D, EV 105.6 MPH) Eddie Milner to third Runner from 3rd tries for Home, SAFE, throw by RF to home
|
|
Batting: RHB Amos Otis
|
0-0: Fielders Choice at 2nd, 6-4 (Groundball, 6, EV 87.5 MPH)
|
| Top of the 7th over - 1 run, 1 hit, 0 errors, 1 left on base; Toronto 3 - Detroit 5 |
| BOTTOM OF THE 7TH |
|
Detroit Tigers batting - Pitching for Toronto Blue Jays : RHP Storm Davis
|
|
Pitching: RHP Stephen Szorc
|
|
|
Batting: RHB Mike Sproles
|
0-0: Called Strike 0-1: Swinging Strike 0-2: Strikes out swinging
|
|
Batting: SHB Lee Mazzilli
|
0-0: Ground out 4-3 (Groundball, 4, EV 108.1 MPH)
|
|
Batting: RHB Jose Hidalgo
|
0-0: Called Strike 0-1: Ball 1-1: Fly out, F8 (Flyball, 78D, EV 105.6 MPH)
|
| Bottom of the 7th over - 0 runs, 0 hits, 0 errors, 0 left on base; Toronto 3 - Detroit 5 |
| TOP OF THE 8TH |
|
Toronto Blue Jays batting - Pitching for Detroit Tigers : RHP Dennis Martinez
|
|
Batting: LHB Brad Gulden
|
0-0: Ball 1-0: Foul Ball, location: 2F 1-1: Fly out, F9 (Flyball, 9, EV 91.3 MPH)
|
|
Batting: RHB Jose Carrillo
|
0-0: Fly out, F7 (Flyball, 78D, EV 97.5 MPH)
|
|
Batting: SHB Harold Reynolds
|
0-0: Ground out 4-3 (Groundball, 4, EV 90.0 MPH)
|
| Top of the 8th over - 0 runs, 0 hits, 0 errors, 0 left on base; Toronto 3 - Detroit 5 |
| BOTTOM OF THE 8TH |
|
Detroit Tigers batting - Pitching for Toronto Blue Jays : RHP Stephen Szorc
|
|
Batting: RHB Dave Kingman
|
0-0: Called Strike 0-1: Ball 1-1: SOLO HOME RUN (Flyball, 7LD, EV 93.8 MPH), Distance : 377 ft
|
|
Batting: RHB Andre Thornton
|
0-0: Called Strike 0-1: Ball 1-1: Ground out 5-3 (Groundball, 56, EV 108.1 MPH)
|
|
Batting: RHB Larry Parrish
|
0-0: Swinging Strike 0-1: Foul Ball, location: 2F 0-2: Ball 1-2: Ball 2-2: Strikes out swinging, 2-3 out at first.
|
|
Batting: RHB Rusty Kuntz
|
0-0: Swinging Strike 0-1: Called Strike 0-2: Ball 1-2: Ball 2-2: Ball 3-2: Strikes out looking
|
| Bottom of the 8th over - 1 run, 1 hit, 0 errors, 0 left on base; Toronto 3 - Detroit 6 |
| TOP OF THE 9TH |
|
Toronto Blue Jays batting - Pitching for Detroit Tigers : RHP Dennis Martinez
|
|
Batting: LHB Sheldon Mallory
|
0-0: Called Strike 0-1: Foul Ball, location: 2F 0-2: Foul Ball, location: 2F 0-2: Ground out 6-3 (Groundball, 6, EV 90.6 MPH)
|
|
Batting: LHB Chad Daley
|
0-0: Ball 1-0: Ground out 4-3 (Groundball, 4M, EV 81.3 MPH)
|
|
Batting: LHB Eddie Milner
|
0-0: Called Strike 0-1: Ball 1-1: Ball 2-1: Ball 3-1: Base on Balls
|
|
Batting: RHB Jose Gonzalez
|
0-0: Called Strike 0-1: Ball 1-1: Swinging Strike 1-2: Ground out 4-3 (Groundball, 34, EV 100.6 MPH)
|
| Top of the 9th over - 0 runs, 0 hits, 0 errors, 1 left on base; Toronto 3 - Detroit 6 |
|